 Dungeon Crawl Stone Soup version 0.20-a0-1122-gb7cbeb9 (webtiles) character file.

516 Alarkh the Digger (level 7, 46/46 HPs)
             Began as a Demonspawn Earth Elementalist on May 14, 2017.
             Got out of the dungeon alive.
             The game lasted 00:04:52 (3958 turns).

Alarkh the Digger (Demonspawn Earth Elementalist)   Turns: 3958, Time: 00:04:53

Health: 46/46      AC:  8    Str:  8    XL:     7   Next: 0%
Magic:  14/14      EV: 12    Int: 25    God:
Gold:   219        SH:  0    Dex: 15    Spells: 10/16 levels left

rFire    . . .     SeeInvis .   (no weapon)
rCold    . . .     Gourm    .   (no shield)
rNeg     . . .     Faith    .   c - +0 robe
rPois    .         Spirit   .   C - +1 hat
rElec    .         Reflect  .   k - +2 cloak
rCorr    .         Harm     .   (no gloves)
MR       .....                  (no boots)
Stlth    ++++......             y - amulet of regeneration
Regen    0.6/turn               a - +6 ring of intelligence
MPRegen  0.2/turn               t - +2 ring of dexterity

@: no status effects
A: hooves 1, thin metallic scales 1, nightstalker 2
a: no special abilities


You escaped.
You were not hungry.

You visited 1 branch of the dungeon, and saw 3 of its levels.

You collected 219 gold pieces.

Inventory:

Missiles
 b - 121 stones (quivered)
Armour
 c - a +0 robe (worn)
 k - a +2 cloak (worn)
 C - a +1 hat (worn)
Jewellery
 a - a +6 ring of intelligence (left hand)
 i - an uncursed ring of fire
 t - a +2 ring of dexterity (right hand)
 y - an amulet of regeneration (around neck)
Scrolls
 f - a scroll of recharging {unknown}
 g - a scroll of enchant weapon {unknown}
 h - a scroll of magic mapping {unknown}
 l - 3 scrolls of remove curse
 p - 2 scrolls of random uselessness
 q - 2 scrolls of immolation {unknown}
 s - a scroll of amnesia {unknown}
Potions
 j - a potion of brilliance {unknown}
 m - a potion of invisibility {unknown}
 o - a potion of heal wounds {unknown}
 r - a potion of flight {unknown}
 v - a potion of curing {unknown}
 w - a potion of cancellation {unknown}
 x - a potion of mutation {unknown}
 A - a potion of lignification {unknown}
Books
 e - a book of Geomancy

   Spells                             Type                      Level
   a - Sandblast                      Earth                        1
   b - Passwall                       Transmutation/Earth          2
   c - Stone Arrow                    Conjuration/Earth            3
   d - Petrify                        Transmutation/Earth          4
   e - Lee's Rapid Deconstruction     Earth                        5
 u - a book of Conjurations

   Spells                             Type                      Level
   a - Magic Dart                     Conjuration                  1
   b - Searing Ray                    Conjuration                  2
   c - Dazzling Spray                 Conjuration/Hexes            3
   d - Fulminant Prism                Conjuration/Hexes            4
   e - Force Lance                    Conjuration/Translocation    4
   f - Iskenderun's Mystic Blast      Conjuration                  4
Comestibles
 d - 4 bread rations
 n - 5 fruits
 B - a meat ration


   Skills:
 - Level 1.7 Dodging
 - Level 1.7 Stealth
 + Level 5.1 Spellcasting
 - Level 0.8 Transmutations
 + Level 5.4 Earth Magic


You had 10 spell levels left.
You knew the following spells:

 Your Spells              Type           Power        Failure   Level  Hunger
a - Sandblast             Erth           ####..       1%          1    None
b - Passwall              Tmut/Erth      ###.......   3%          2    None
c - Stone Arrow           Conj/Erth      ###...       8%          3    ##.....


Dungeon Overview and Level Annotations

Branches:
Dungeon (3/15)

Altars:
Ashenzari
Cheibriados
Gozag
Qazlal
Vehumet


Innate Abilities, Weirdness & Mutations

You have large cloven feet.
You are partially covered in thin metallic scales. (AC +2)
You are significantly more attuned to the shadows.


Message History

There is an open door here.
Items here: ( ))))))) ÷÷÷÷ You now have 219 gold pieces (gained 12).
You see here a club.
There is an open door here.
Items here: ( ))))))) ÷÷÷÷
There is an open door here.
There is a large open door here.
There is an escape hatch in the ceiling here.
A mysterious force pulls you upwards. The hatch slams shut behind you.
There is a stone staircase leading down here.
You see here a spear.
There is a stone staircase leading up here.
You climb upwards.
There is a stone staircase leading down here.
There is an open door here.
There is a fountain of clear blue water here.
There is a staircase leading out of the dungeon here.
Are you sure you want to leave the Dungeon?
This will make you lose the game!
You have escaped!

#.# #.# #.## #.#
#########.###..## #.#
####..........>..#.#
#.####.......).##.....##.
#....#....##...#...[..###
#..#.........#...........
#..##..#'#..##.#......###
##..####⌠####..##.....#
##8).++⌠@⌠++..8##.#.###
#...####⌠####..##.#.#
##..##..#+#..##.##.#.#
#...#.........#.##.#.#
#.#...##...##...##.#.#
#.###.##...######.#..#
#.# #.##.### ##.###.##
#.# #.#...#####.## ##.##
#.# #...#......## ##.#


There were no monsters in sight!

Vanquished Creatures
  A centaur (D:3)
  2 big kobolds (D:3)
  An orc priest (D:3)
  Jessica (D:2)
  An orc wizard (D:3)
  A worker ant (D:3)
  5 gnolls (D:3)
  3 adders
  2 oozes
  2 worms
  A dart slug (D:2)
  3 leopard geckos
  10 orcs
  7 bats
  3 giant cockroaches
  6 goblins
  4 hobgoblins
  4 jackals (D:1)
  29 kobolds
  A quokka (D:3)
  8 frilled lizards
  5 rats
100 creatures vanquished.

Notes
Turn   | Place    | Note
-------+----------+-------------------------------------------
     0 | D:1      | Alarkh the Demonspawn Earth Elementalist began the quest for the Orb.
     0 | D:1      | Reached XP level 1. HP: 13/13 MP: 3/3
   304 | D:1      | Gained mutation: You are slightly more attuned to the shadows. [demonic ancestry]
   304 | D:1      | Reached XP level 2. HP: 19/19 MP: 1/5
   870 | D:1      | Gained mutation: You are significantly more attuned to the shadows. [demonic ancestry]
   870 | D:1      | Reached XP level 3. HP: 16/24 MP: 4/7
  1036 | D:1      | Learned a level 2 spell: Passwall
  1040 | D:1      | Learned a level 3 spell: Stone Arrow
  1124 | D:2      | Found a radiant altar of Vehumet.
  1197 | D:2      | Found a shattered altar of Ashenzari.
  1637 | D:2      | Noticed Jessica
  1642 | D:2      | Killed Jessica
  1642 | D:2      | Gained mutation: You have large cloven feet. [demonic ancestry]
  1642 | D:2      | Reached XP level 4. HP: 30/30 MP: 2/8
  2019 | D:3      | Found a stormy altar of Qazlal.
  2086 | D:2      | Reached XP level 5. HP: 31/35 MP: 0/10
  2435 | D:3      | Found a snail-covered altar of Cheibriados.
  2457 | D:3      | Found an opulent altar of Gozag.
  3400 | D:3      | Noticed a centaur
  3402 | D:3      | Killed a centaur
  3402 | D:3      | Reached XP level 6. HP: 36/41 MP: 2/12
  3564 | D:3      | Reached skill level 5 in Earth Magic
  3738 | D:3      | Reached skill level 5 in Spellcasting
  3848 | D:3      | Gained mutation: You are partially covered in thin metallic scales. (AC +2) [demonic ancestry]
  3848 | D:3      | Reached XP level 7. HP: 46/46 MP: 12/14
  3958 | D:$      | Got out of the dungeon alive.

Vault maps used:
D:1:      grunt_arrival_crossed_arrows
D:2:      lemuel_crystal_altar, overflow_temple_1_default, patterned_corridor,
          uniq_jessica
D:3:      minmay_goblin_kobold_castle, cheibriados_altar_1,
          overflow_temple_1_default, overflow_temple_1_default, first_bread

Skill      XL: |  1  2  3  4  5  6 |
---------------+-------------------+-----
Earth Magic    | 3 4 5 |  5.4
Spellcasting   | 3 4 5 |  5.1
Dodging        | |  1.7
Stealth        | |  1.7
Transmutations | |  0.8

Action                   |  1- 3 |  4- 6 |  7- 9 || total
-------------------------+-------+-------+-------++-------
Melee: Unarmed           |     1 |     9 |       ||    10
       Kick              |       |     2 |       ||     2
 Cast: Sandblast         |    61 |    60 |     1 ||   122
       Stone Arrow       |       |    25 |       ||    25
  Use: Scroll            |     3 |     1 |       ||     4
  Eat: Chunk             |     2 |     4 |       ||     6
       Meat ration       |       |     1 |       ||     1
Armor: Robe              |     2 |    18 |       ||    20
Dodge: Dodged            |    13 |    20 |       ||    33
